 Dungeon Crawl Stone Soup version 0.31-a0-744-gbc345e7fcb (webtiles) character file.

Game seed: 6519850206827519083

970 CowFu the Magician (level 8, -5/58 HPs)
             Began as a Djinni Venom Mage on Sept 13, 2023.
             Slain by boiyoioing's ghost (14 damage)
             ... on level 5 of the Dungeon.
             The game lasted 00:08:49 (4425 turns).

CowFu the Magician (Djinni Venom Mage)              Turns: 4425, Time: 00:08:50

Health: -5/58      AC:  8    Str:  4 (6)  XL:     8   Next: 38%
Gold:   299        EV: 14    Int: 16 (18) God:
                   SH:  0    Dex: 16 (18)

rFire   + + .        d - +3 quarterstaff (chaos)
rCold   x . .        (shield currently unavailable)
rNeg    . . .        a - +0 robe
rPois   ∞            i - +0 helmet
rElec   .            m - +0 cloak {rPois}
rCorr   .            e - +3 pair of gauntlets of War {Slay+5}
SInv    .            (boots unavailable)
Will    +....        (no amulet)
Stlth   ++           (no ring)
HPRegen 0.29/turn    (no ring)
MPRegen 0.00/turn

%: infuse magic (-6 HP)
@: flying
A: sickness immunity, fire resistance 2, cold vulnerability 1, float, innate
caster, HP casting, extra vitality 1, agile 1, strong-willed 1
a: no special abilities


You were on level 5 of the Dungeon.
You visited 1 branch of the dungeon, and saw 5 of its levels.

You collected 299 gold pieces.

Inventory:

Hand Weapons
 d - a +3 quarterstaff of chaos (weapon)
 j - a +2 dagger of venom
 l - a +3 whip
 q - a +2 whip of flaming
Armour
 a - a +0 robe (worn)
 e - the +3 pair of gauntlets of War (worn) {Slay+5}
   (You acquired it on level 5 of the Dungeon)

   Slay+5:    It affects your accuracy & damage with ranged weapons and melee
   (+5).
 i - a +0 helmet (worn)
 m - a +0 cloak of poison resistance (worn)
 w - a scarf of shadows
Scrolls
 c - a scroll of blinking
 f - a scroll of fear
 g - 5 scrolls of teleportation
 n - 4 scrolls of enchant armour {unknown}
 o - a scroll of fog {unknown}
 p - 2 scrolls of silence {unknown}
 r - a scroll of torment {unknown}
 s - a scroll of noise {unknown}
 t - a scroll of summoning {unknown}
Potions
 b - a potion of degeneration


   Skills:
 + Level 4.2 Fighting
 + Level 5.3 Dodging
 - Level 1.5 Stealth
 + Level 5.7 Spellcasting
 + Level 5.7 Conjurations
 + Level 5.7 Hexes
   Level 0.0 Charms
 + Level 5.7 Summonings
 + Level 5.7 Necromancy
 + Level 5.7 Translocations
 + Level 5.7 Transmutations
 + Level 5.7 Fire Magic
 + Level 5.7 Ice Magic
 + Level 5.7 Air Magic
 + Level 5.7 Earth Magic
 + Level 5.7 Poison Magic


You knew the following spells:

 Your Spells              Type           Power      Damage    Failure   Level
a - Sting                 Tmut/Pois      92%        1d7       1%          1
b - Poisonous Vapours     Pois/Air       46%        N/A       1%          2
c - Mephitic Cloud        Conj/Pois/Air  23%        N/A       4%          3
d - Olgreb's Toxic Radia  Pois           23%        N/A       13%         4
e - Summon Small Mammal   Summ           92%        N/A       1%          1
f - Passwall              Tmut/Erth      19%        N/A       1%          2
g - Hailstorm             Conj/Ice       23%        3d7       4%          3
Your spell library was empty.

Dungeon Overview and Level Annotations

Branches:
Dungeon (5/15)
 Temple: D:4-7

Altars:
Qazlal
Wu Jian

Annotations:
D:5 boiyoioing's ghost, novice GnCA


Innate Abilities, Weirdness & Mutations

You are immune to sickness and miasma.
You are immune to poison.
Your flesh is very heat resistant. (rF++)
You are vulnerable to cold. (rC-)
You float through the air rather than walking.
You learn spells naturally, not from books.
Your magical power is your life essence.
You have superior vitality. (+4 MHP)
You are agile. (Dex +4, Str/Int -1)
You are strong-willed. (Will+)


Message History

The bullfrog simulacrum barely misses you.
The bullfrog simulacrum hits you but does no damage.
You sock the bullfrog simulacrum!
The bullfrog simulacrum suddenly seems more resistant.
The bullfrog simulacrum is severely damaged.
The bullfrog simulacrum misses you. The bullfrog simulacrum hits you.
The bullfrog simulacrum freezes you!
You feel a terrible chill!
You sock the bullfrog simulacrum!
You melt the bullfrog simulacrum.
The bullfrog simulacrum vaporises!
A scorpion simulacrum and a boiyoioing's ghost come into view.
Found a ring of fire and 15 gold pieces.
A white imp comes into view.
Found a lumpy silvery potion.
Boiyoioing's ghost turns its malevolent gaze towards you.
A hound simulacrum comes into view.
Casting: Sting (safe; 1% risk of failure)
Confirm with . or Enter, or press ? or * to list all spells.
Aiming: Sting (safe; 1% risk of failure)
Press: ? - help, Shift-Dir - straight line, f - boiyoioing's ghost
Aim: boiyoioing's ghost, wielding a heavy weapon (73% to hit)
The sting hits boiyoioing's ghost but does no damage.
Casting: Sting (safe; 1% risk of failure)
Confirm with . or Enter, or press ? or * to list all spells.
You can't see any susceptible monsters within range! (Use Z to cast anyway.) Unknown command.
You hit boiyoioing's ghost.
Boiyoioing's ghost suddenly seems more resistant.
Boiyoioing's ghost is lightly damaged.
Boiyoioing's ghost hits you.
You barely miss boiyoioing's ghost.
Boiyoioing's ghost is lightly damaged.
Boiyoioing's ghost hits you!
You closely miss boiyoioing's ghost.
Boiyoioing's ghost is lightly damaged.
Boiyoioing's ghost hits you!
* * * LOW HITPOINT WARNING * * *
You closely miss boiyoioing's ghost.
Boiyoioing's ghost is lightly damaged.
Boiyoioing's ghost hits you!
You die...

# #.h#####.
###..####...##.
#............#. #
........###..##.# #####
#..#...Z. ##..#.###...#
#..#...5.. #..#...>.#.###
#..##..Z..##..#.#.......#
#...###$!##W.##.#<##.##.#
#....####@..#..#.##..#.#
#..........##.##.###.#.#
#...).....#..##.###.#.#
#.......##...........#
...###'''###..#######.###
...............######)###
.#.#..#..#.....##....)..#
...#(.....>>...##.###.#.#
.......##......# ##.#.#


You could see boiyoioing's ghost (resistant).

Vanquished Creatures
  Pikel (D:4)
  A phantom (D:4)
  A scorpion (D:3)
  A hound (D:4)
  An orc priest (D:5)
  Crazy Yiuf (D:4)
  A jelly (D:5)
  A sleepcap (D:5)
  An orc wizard (D:5)
  A bullfrog simulacrum (D:5)
  A scorpion simulacrum (D:5)
  7 gnolls
  4 adders
  A hound simulacrum (D:5)
  2 worms (D:2)
  5 dart slugs
  3 orcs (D:5)
  7 endoplasms
  3 giant cockroaches
  8 goblins
  4 hobgoblins
  4 kobolds
  2 quokkas
  7 ball pythons
  5 bats
  4 frilled lizards
  4 rats
81 creatures vanquished.

Notes
Turn   | Place    | Note
-------+----------+-------------------------------------------
     0 | D:1      | CowFu the Djinni Venom Mage began the quest for the Orb.
     0 | D:1      | CowFu set off with the following spells memorised: Sting,
                  | Poisonous Vapours, Mephitic Cloud, Olgreb's Toxic Radiance.
     0 | D:1      | Reached XP level 1. HP: 15/15 MP: 0/0
   141 | D:1      | Reached XP level 2. HP: 20/21 MP: 0/0
   240 | D:1      | Found a faded altar of an unknown god.
   526 | D:1      | Reached XP level 3. HP: 18/25 MP: 0/0
   526 | D:1      | Learned a level 1 spell: Summon Small Mammal
  1266 | D:2      | Reached XP level 4. HP: 23/31 MP: 0/0
  2402 | D:2      | Reached XP level 5. HP: 25/35 MP: 0/0
  2402 | D:2      | Learned a level 2 spell: Passwall
  2590 | D:3      | Found an ornate altar of the Wu Jian Council.
  3219 | D:4      | Reached skill level 5 in Spellcasting
  3219 | D:4      | Reached skill level 5 in Conjurations
  3219 | D:4      | Reached skill level 5 in Hexes
  3219 | D:4      | Reached skill level 5 in Summonings
  3219 | D:4      | Reached skill level 5 in Necromancy
  3219 | D:4      | Reached skill level 5 in Translocations
  3219 | D:4      | Reached skill level 5 in Transmutations
  3219 | D:4      | Reached skill level 5 in Fire Magic
  3219 | D:4      | Reached skill level 5 in Ice Magic
  3219 | D:4      | Reached skill level 5 in Air Magic
  3219 | D:4      | Reached skill level 5 in Earth Magic
  3219 | D:4      | Reached skill level 5 in Poison Magic
  3219 | D:4      | Reached XP level 6. HP: 31/41 MP: 0/0
  3303 | D:4      | Reached skill level 1 in Fighting
  3600 | D:4      | Noticed Pikel
  3610 | D:4      | Killed Pikel
  3611 | D:4      | Reached XP level 7. HP: 34/50 MP: 0/0
  3611 | D:4      | Learned a level 3 spell: Hailstorm
  3611 | D:4      | Reached XP level 8. HP: 39/57 MP: 0/0
  3899 | D:4      | Found a runed translucent door.
  3900 | D:4      | Noticed Crazy Yiuf
  4076 | D:4      | Killed Crazy Yiuf
  4077 | D:4      | Gained mutation: You are agile. (Dex +4, Str/Int -1)
                  | [potion of mutation]
  4077 | D:4      | Gained mutation: You are strong-willed. (Will+) [potion of
                  | mutation]
  4161 | D:5      | Entered Level 5 of the Dungeon
  4165 | D:5      | Identified a scroll of acquirement
  4165 | D:5      | Acquired the +3 pair of gauntlets of War {Slay+5}
  4165 | D:5      | Found the +3 pair of gauntlets of War {Slay+5}
  4197 | D:5      | Reached skill level 5 in Dodging
  4351 | D:5      | Found a stormy altar of Qazlal.
  4361 | D:5      | Found a runed translucent gate.
  4361 | D:5      | Found a runed translucent gate.
  4362 | D:5      | Found a runed translucent gate.
  4410 | D:5      | Noticed boiyoioing's ghost (novice GnCA)
  4425 | D:5      | Slain by boiyoioing's ghost

Illustrated notes

Levels and vault maps discovered:
D:1:      eino_arrival_water_star, layout_basic,
          ebering_ecumenical_altar_sacrificial
D:2:      layout_basic, minmay_octomino_e4
D:3:      layout_basic, mainiacjoe_overflow_tiny_flanked, minmay_misc_feat_roman
D:4:      layout_basic, uniq_pikel, uniq_crazy_yiuf_cottage
D:5:      minmay_opposing_rooms, layout_loops_cross, overflow_temple_1_default,
          nicolae_qazlal_general_emergency, gammafunk_ghost_icy

Skill      XL: |  1  2  3  4  5  6  7  8 |
---------------+-------------------------+-----
Spellcasting   | 4 5 |  5.7
Conjurations   | 4 5 |  5.7
Hexes          | 4 5 |  5.7
Summonings     | 4 5 |  5.7
Necromancy     | 4 5 |  5.7
Translocations | 4 5 |  5.7
Transmutations | 4 5 |  5.7
Fire Magic     | 4 5 |  5.7
Ice Magic      | 4 5 |  5.7
Air Magic      | 4 5 |  5.7
Earth Magic    | 4 5 |  5.7
Poison Magic   | 4 5 |  5.7
Fighting       | 3 4 |  4.2
Dodging        | 4 5 |  5.3
Stealth        | |  1.5

Action                     |  1- 3 |  4- 6 |  7- 9 || total
---------------------------+-------+-------+-------++-------
  Melee: Spear             |     2 |       |       ||     2
         Dagger            |       |    14 |       ||    14
         Quarterstaff      |       |       |    20 ||    20
   Cast: Sting             |    64 |    94 |    19 ||   177
         Poisonous Vapours |       |    13 |    20 ||    33
         Summon Small Mamm |       |     2 |       ||     2
         Hailstorm         |       |       |     2 ||     2
    Use: Scroll            |       |     3 |     5 ||     8
         Potion            |       |     2 |     4 ||     6
 Armour: Robe              |    16 |    32 |    18 ||    66
  Dodge: Dodged            |     9 |    39 |    24 ||    72

Table legend: (Time is in decaauts)
 A = Elapsed time spent in this place.
 B = Non-inter-level travel time spent in this place.
 C = Inter-level travel time spent in this place.
 D = Time resting spent in this place.
 E = Time spent auto-exploring this place.
 F = Levels seen in this place.
 G = Mean time per level.
                   A        B        C        D        E       F      G
               +--------+--------+--------+--------+--------+-----+--------+
         Total |   4427 |   4351 |     76 |      0 |   3715 |   5 |  885.4 |
       Dungeon |   4427 |   4351 |     76 |      0 |   3715 |   5 |  885.4 |
               +--------+--------+--------+--------+--------+-----+--------+

Top non-repeatable levels by time:
     D:1: 1260 daAuts
     D:2: 1208 daAuts
     D:4: 996 daAuts
     D:3: 692 daAuts
     D:5: 269 daAuts
